 Dungeon Crawl Stone Soup version 0.31-a0-152-g6aa68a64a1 (webtiles) character file.

Game seed: 3194241543224060518

217 qw the Shooter (level 5, 0/46 HPs)
             Began as a Minotaur Hunter on June 9, 2023.
             Slain by Edmund
             ... wielding a +2 flail of holy wrath
              (3 damage)
             ... on level 4 of the Dungeon.
             The game lasted 00:00:59 (2626 turns).

qw the Shooter (Minotaur Hunter)                    Turns: 2626, Time: 00:00:59

Health: 0/46       AC:  3    Str: 13 (15) XL:     5   Next: 61%
Magic:  4/4        EV:  9    Int:  4 (6)  God:
Gold:   83         SH:  0    Dex: 14 (16) Spells: 4/4 levels left

rFire   . . .        Y - +0 shortbow
rCold   . . .        (shield currently unavailable)
rNeg    . . .        c - +0 leather armour
rPois   .            (helmet restricted)
rElec   .            (no cloak)
rCorr   .            (no gloves)
SInv    .            (no boots)
Will    .....        d - amulet of faith
Stlth   +            (no ring)
HPRegen 0.27/turn    (no ring)
MPRegen 0.09/turn

%: faith
@: constricted
A: horns 2, retaliatory headbutt
a: no special abilities


You were on level 4 of the Dungeon.
You visited 1 branch of the dungeon, and saw 4 of its levels.

You collected 83 gold pieces.


Innate Abilities, Weirdness & Mutations

You have a pair of horns on your head.
You reflexively headbutt those who attack you in melee.


   Skills:
 - Level 4.0 Fighting
 + Level 7.0 Ranged Weapons
 - Level 2.1 Dodging
 - Level 0.7 Stealth


You had 4 spell levels left.
You didn't know any spells.
Your spell library was empty.

Inventory:

Hand Weapons
 Y - a +0 shortbow (weapon)
Armour
 b - a +0 ring mail
 c - a +0 leather armour (worn)
 e - a +0 pair of boots
Jewellery
 d - an amulet of faith (around neck)
Scrolls
 a - 2 scrolls of identify
Potions
 f - a potion of haste
 g - a potion of mutation
 i - 3 potions of might
 k - 3 potions of curing

Dungeon Overview and Level Annotations

Branches:
Dungeon (4/15)
 Temple: D:4-7

Altars:

Shops:
D:1 (

Annotations:
D:4 Edmund


Message History

Edmund hits you with a +2 flail of holy wrath!
You shoot an arrow. The arrow barely misses Edmund.
Edmund hits you but does no damage.
A ball python comes into view.
Edmund hits you with a +2 flail of holy wrath!
You shoot an arrow. The ball python hisses angrily.
The arrow hits Edmund but does no damage.
Edmund is moderately wounded.
Edmund closely misses you.
You shoot an arrow.
The arrow hits Edmund but does no damage.
Edmund is moderately wounded.
Edmund hits you with a +2 flail of holy wrath.
You shoot an arrow.
The arrow hits Edmund but does no damage.
Edmund is moderately wounded.
Edmund closely misses you. You furiously retaliate!
You headbutt Edmund, but do no damage. You shoot an arrow.
The arrow hits Edmund.
Edmund is moderately wounded.
Edmund completely misses you.
You shoot an arrow. The arrow hits Edmund.
Edmund is moderately wounded.
Edmund hits you with a +2 flail of holy wrath.
You shoot an arrow.
The arrow hits Edmund but does no damage.
Edmund is moderately wounded.
Edmund hits you with a +2 flail of holy wrath.
You shoot an arrow. The arrow hits Edmund!
Edmund is heavily wounded.
The ball python bites you but does no damage.
The ball python grabs you. The ball python constricts you.
Edmund clears his throat.
Edmund hits you with a +2 flail of holy wrath!
You shoot an arrow. The arrow hits the ball python.
The ball python is severely wounded.
The ball python barely misses you. The ball python constricts you.
Edmund hits you with a +2 flail of holy wrath.
You die...

#...# #...#
########...#
...........#
#########..#
#######........#
..............>#
#.......%##.##
#.....S@.##.#
#.....@..##.#
#....%...##.#
+........#..#
#..........##
#.<.#.......#
#...###..##.#
..... #%#. .#
#.... ...# #


You could see Edmund and a ball python.

Vanquished Creatures
  A howler monkey (D:4)
  Natasha (thrice) (D:3)
  3 adders
  A worm (D:3)
  2 dart slugs (D:1)
  7 endoplasms
  6 giant cockroaches
  5 goblins
  5 hobgoblins
  11 jackals
  2 quokkas (D:2)
  4 ball pythons
  3 bats
  2 frilled lizards
  6 kobolds
  4 rats
65 creatures vanquished.

Notes
Turn   | Place    | Note
-------+----------+-------------------------------------------
     0 | D:1      | qw the Minotaur Hunter began the quest for the Orb.
     0 | D:1      | Reached XP level 1. HP: 18/18 MP: 0/0
     0 | D:1      | 0 ||| qw: Version: 0.2-a-122-g1db1318
     0 | D:1      | 0 ||| qw: Game counter: 3236
     0 | D:1      | 0 ||| qw: Always use a shield: true
     0 | D:1      | 0 ||| qw: God list: Okawaru
     0 | D:1      | 0 ||| qw: Allow faded altars: false
     0 | D:1      | 0 ||| qw: Do Orc after D:15 true
     0 | D:1      | 0 ||| qw: Do second Lair branch before Depths: true
     0 | D:1      | 0 ||| qw: Lair rune preference: random
     0 | D:1      | 0 ||| qw: Plans: Normal
     0 | D:1      | 0 ||| PLANNING D:1-11
   130 | D:1      | Reached XP level 2. HP: 23/25 MP: 1/1
   132 | D:1      | Reached skill level 5 in Ranged Weapons
   194 | D:1      | Reached skill level 3 in Fighting
   403 | D:1      | 403 ||| FLEEEEING.
   404 | D:1      | 404 ||| FLEEEEING.
   405 | D:1      | 405 ||| FLEEEEING.
   421 | D:1      | Found Bihooch's Antique Weapon Emporium.
   573 | D:1      | Reached XP level 3. HP: 31/31 MP: 2/2
   595 | D:1      | Found a faded altar of an unknown god.
   817 | D:1      | 817 ||| UPGRADING to amulet of faith.
   822 | D:1      | 822 ||| READING 2 scrolls labelled JEBBUI QIEFIDE.
   823 | D:1      | 823 ||| DRINKING 3 amethyst potions.
   824 | D:1      | 824 ||| DROPPING scroll of butterflies.
  1463 | D:2      | 1463 ||| DROPPING amulet of magic regeneration.
  1464 | D:2      | 1464 ||| READING scroll labelled ONIYCECOBE.
  1467 | D:2      | 1467 ||| READING scroll labelled GESOP SUEBLU.
  1468 | D:2      | 1468 ||| READING scroll labelled QYPLIAG ZUUTAB.
  1469 | D:2      | 1469 ||| READING scroll labelled AFEM VIEPP.
  1470 | D:2      | 1470 ||| READING 3 scrolls of identify.
  1470 | D:2      | 1470 ||| IDENTIFYING fuming golden potion
  1471 | D:2      | 1471 ||| READING 2 scrolls of identify.
  1471 | D:2      | 1471 ||| IDENTIFYING cyan potion
  1472 | D:2      | 1472 ||| DROPPING potion of enlightenment.
  1473 | D:2      | 1473 ||| DROPPING potion of brilliance.
  1542 | D:3      | Reached skill level 6 in Ranged Weapons
  1542 | D:3      | Reached XP level 4. HP: 38/38 MP: 3/3
  1567 | D:3      | Identified the staff of death "Gecvigg" {rF+ rN+ rCorr
                  | Str+2}
  1708 | D:3      | Noticed Natasha
  1713 | D:3      | Killed Natasha
  1987 | D:3      | Noticed Natasha
  1994 | D:3      | Killed Natasha
  1995 | D:3      | Reached XP level 5. HP: 46/46 MP: 4/4
  2105 | D:3      | Noticed Natasha
  2117 | D:3      | Killed Natasha
  2464 | D:3      | 2464 ||| READING scroll labelled TIPSYHAOVO.
  2465 | D:3      | 2465 ||| DRINKING 3 brown potions.
  2466 | D:3      | 2466 ||| DRINKING 2 metallic white potions.
  2491 | D:3      | 2491 ||| DRINKING 4 coppery potions.
  2492 | D:3      | 2492 ||| READING 4 scrolls of identify.
  2492 | D:3      | 2492 ||| IDENTIFYING puce potion
  2493 | D:3      | 2493 ||| READING 3 scrolls of identify.
  2493 | D:3      | 2493 ||| IDENTIFYING grey potion
  2494 | D:3      | 2494 ||| DROPPING 2 potions of degeneration.
  2495 | D:3      | 2495 ||| DROPPING potion of lignification.
  2593 | D:4      | Reached skill level 7 in Ranged Weapons
  2604 | D:4      | Noticed Edmund
  2609 | D:4      | 2609 ||| FLEEEEING.
  2610 | D:4      | 2610 ||| FLEEEEING.
  2625 | D:4      | HP: 11/46 [constriction (1)]
  2625 | D:4      | HP: 3/46 [Edmund/+2 flail of holy wrath (8)]
  2626 | D:4      | Slain by Edmund

Levels and vault maps discovered:
D:1:      lemuel_arrival_tunnels, layout_basic, serial_shops,
          nicolae_shop_scrapyard, ebering_ecumenical_altar_mist
D:2:      layout_loops_ring, minmay_crystal_room, minmay_misc_feat_secret_circle
D:3:      layout_loops_corners, serial_glass, glass_columns_c, glass_columns_c,
          minivault_14, uniq_natasha
D:4:      layout_basic, mainiacjoe_overflow_24_doors,
          nicolae_dithmenos_shadow_blocks, minmay_temple_entry_statues_pillars,
          serial_bayou_crossing, uniq_ijyb, uniq_edmund, uniq_menkaure

Skill      XL: |  1  2  3  4  5 |
---------------+----------------+-----
Ranged Weapons | 5 6 7 |  7.0
Fighting       | 3 4 |  4.0
Dodging        | |  2.1
Stealth        | |  0.7

Action                     |  1- 3 |  4- 6 || total
---------------------------+-------+-------++-------
   Fire: Shortbow          |   104 |    97 ||   201
    Use: Scroll            |     7 |     3 ||    10
         Potion            |     1 |     3 ||     4
 Armour: Leather armour    |     5 |     6 ||    11
  Dodge: Dodged            |    25 |    17 ||    42

Table legend:
 A = Non-vault XP
 B = Vault XP
 C = Vault XP percentage of total XP
 D = Non-vault monster count
 E = Vault monster count
 F = Vault count percentage of total count
                 A         B        C        D         E       F
            +---------+---------+-------+---------+---------+-------
      Total |     275 |      35 |  11.3 |      64 |       1 |   1.5
            +---------+---------+-------+---------+---------+-------
        D:1 |      42 |       0 |   0.0 |      22 |       0 |   0.0
        D:2 |      46 |       0 |   0.0 |      19 |       0 |   0.0
        D:3 |     114 |      35 |  23.5 |      18 |       1 |   5.3
        D:4 |      73 |       0 |   0.0 |       5 |       0 |   0.0
            +---------+---------+-------+---------+---------+-------
